 Dungeon Crawl Stone Soup version 0.24-a0-581-gc0fa660 (webtiles) character file.

Game seed: 4242558731846271305

8307 Deaus the Thaumaturge (level 11, -8/72 HPs)
             Began as a Mummy Conjurer on Aug 22, 2019.
             Was a Priest of Sif Muna.
             Mangled by an unseen horror (11 damage)
             ... on level 10 of the Dungeon.
             The game lasted 00:49:56 (20044 turns).

Deaus the Thaumaturge (Mummy Conjurer)             Turns: 20044, Time: 00:49:57

Health: -8/72      AC: 10    Str: 15    XL:     11   Next: 8%
Magic:  4/24       EV: 12    Int: 17    God:    Sif Muna [***...]
Gold:   486        SH:  0    Dex: 13    Spells: 13/28 levels left

rFire    + . .     SeeInvis .   a - +9 flail (protect)
rCold    + + .     Gourm    .   (no shield)
rNeg     + + +     Faith    .   w - +1 robe {rF+}
rPois    ∞         Spirit   .   l - +0 helmet
rElec    .         Reflect  .   p - scarf {rC+ rF+}
rCorr    .         Harm     .   d - +0 pair of gloves
MR       +....                  (no boots)
Stlth    ++........             (no amulet)
HPRegen  0.22/turn              h - +3 ring of strength
MPRegen  0.19/turn              f - +5 ring of protection

@: very slightly contaminated
A: no food or potions, fire vulnerability, cold resistance 1, negative energy
resistance 3, torment resistance, unbreathing
a: Channel Magic, Forget Spell, Renounce Religion


You were on level 10 of the Dungeon.
You worshipped Sif Muna.
Sif Muna was most pleased with you.
You were not hungry.

You visited 2 branches of the dungeon, and saw 12 of its levels.
You also visited: Ossuary.

You collected 726 gold pieces.
You spent 240 gold pieces at shops.

Inventory:

Hand Weapons
 a - a +9 flail of protection (weapon)
Armour
 d - a +0 pair of gloves (worn)
 l - a +0 helmet (worn)
 p - a scarf of resistance (worn)
 w - a +1 robe of fire resistance (worn)
Jewellery
 b - a +4 ring of intelligence
 f - a +5 ring of protection (right hand)
 h - a +3 ring of strength (left hand)
 j - an uncursed ring of protection from magic
 r - the amulet of Zol Suxu {Reflect -Tele *Corrode rPois SH+2 Stlth+}
   (You found it on level 9 of the Dungeon)

   [amulet of reflection]

   It shields you and reflects attacks.
   It protects you from poison.
   It prevents most forms of teleportation.
   It may corrode you when you take damage.
   It affects your SH (+2).
   It makes you more stealthy.
 x - a cursed -2 ring of strength
Wands
 n - a wand of flame (25)
 o - a wand of polymorph (16)
 s - a wand of iceblast (10)
Scrolls
 c - a scroll of enchant weapon
 e - 9 scrolls of identify
 g - 5 scrolls of magic mapping
 i - 4 scrolls of fog
 k - a scroll of blinking {unknown}
 m - 11 scrolls of remove curse
 q - 3 scrolls of amnesia {unknown}
 t - 10 scrolls of teleportation
 u - 2 scrolls of immolation
 v - 3 scrolls of enchant armour
 y - a scroll of silence {unknown}


   Skills:
 - Level 2.1 Fighting
   Level 2.0 Short Blades
 - Level 3.0 Maces & Flails
 - Level 2.0 Armour
 - Level 1.5 Dodging
 - Level 1.5 Stealth
 * Level 9.3 Spellcasting
 - Level 9.0 Conjurations
 - Level 3.0 Hexes
 * Level 8.9 Necromancy
 * Level 3.3 Invocations


You had 13 spell levels left.
You knew the following spells:

 Your Spells              Type           Power        Failure   Level  Hunger
a - Magic Dart            Conj           ####         1%          1    N/A
b - Dazzling Spray        Conj/Hex       ####..       2%          3    N/A
c - Iskenderun's Mystic   Conj           #####...     2%          4    N/A
d - Animate Dead          Necr           N/A          2%          4    N/A
e - Vampiric Draining     Necr           #####.....   1%          3    N/A

Your spell library contained the following spells:

 Spells                   Type           Power        Failure   Level  Hunger
 Animate Skeleton         Necr           N/A          1%          1    N/A
 Pain                     Necr           ####         1%          1    N/A
 Searing Ray              Conj           #####.       1%          2    N/A
 Slow                     Hex            ###.....     3%          2    N/A
 Conjure Flame            Conj/Fire      ###.....     4%          3    N/A
 Stone Arrow              Conj/Erth      ###...       4%          3    N/A
 Mephitic Cloud           Conj/Pois/Air  ###.....     8%          3    N/A
 Fulminant Prism          Conj/Hex       ####......   8%          4    N/A
 Sandblast                Erth           #.....       9%          1    N/A
 Blink                    Tloc           N/A          14%         2    N/A
 Call Imp                 Summ           #.......     14%         2    N/A
 Passwall                 Tmut/Erth      #.......     14%         2    N/A
 Force Lance              Conj/Tloc      ###.....     14%         4    N/A
 Petrify                  Tmut/Erth      #.......     65%         4    N/A
 Lee's Rapid Deconstruct  Erth           #.........   94%         5    N/A
 Regeneration             Chrm/Necr      Unusable     N/A         3    N/A

Dungeon Overview and Level Annotations

Branches:
Dungeon (11/15)            Temple (1/1) D:5             Orc (0/2) D:10
Ossuary (visited)
   Lair: D:8-11

Altars:
Ashenzari
Cheibriados
Dithmenos
Elyvilon
Fedhas
Gozag
Hepliaklqana
Kikubaaqudgha
Makhleb
Nemelex Xobeh
Okawaru
Qazlal
Ru
Sif Muna
Trog
Uskayaw
Vehumet
Wu Jian
Xom
Yredelemnul
Zin
The Shining One

Shops:
D:7 ?

Annotations:
D:1 Terence


Innate Abilities, Weirdness & Mutations

You do not eat or drink.
Your flesh is vulnerable to fire.
You are immune to poison.
Your flesh is cold resistant. (rC+)
You are immune to negative energy. (rN+++)
You are immune to unholy pain and torment.
You can survive without breathing.


Message History

The centaur closely misses you. x2
Casting: Iskenderun's Mystic Blast (safe; 2% risk of failure)
Confirm with . or Enter, or press ? or * to list all spells.
Aiming: Iskenderun's Mystic Blast (safe; 2% risk of failure)
Press: ? - help, Shift-Dir - straight line, f/p - centaur
Aim: a centaur (almost dead, blind)
The orb of energy hits the centaur!
You kill the centaur!
Sif Muna accepts your kill.
The orb of energy explodes!
Something hits you but does no damage.
You fail to use your ability.
Something hits you.
* * * LOW HITPOINT WARNING * * *
Casting: Iskenderun's Mystic Blast (safe; 2% risk of failure)
Confirm with . or Enter, or press ? or * to list all spells.
Aiming: Dazzling Spray (safe; 2% risk of failure)
Press: ? - help, Shift-Dir - straight line, f - orc
Aim: an orc The spray of energy hits something.
Something hits you but does no damage. Something hits you!
You die...

.#.#'#.##..8....>.o..8o.#
#####.. .#..<..# ..[..o....{...#
#.....# .#.....# .... #.#
#.....# .#.....# ... #.###.....#
.#.....# #. #.........#
[#....##.. ##........#
.......... #....#####
##.........=############....###
...............)@.o(.(('........
######......############....####
... #....# .. #....# ######


You could see an orc.

Vanquished Creatures
  A two-headed ogre (D:10)
  A manticore (D:11)
  A hornet (D:11)
  14 yaks
  A wyvern (D:11)
  3 hungry ghosts
  A soldier ant (D:8)
  Edmund (D:4)
  2 sky beasts
  5 phantoms
  5 orc warriors
  2 black bears
  An ice beast (D:7)
  4 ogres
  5 centaurs
  2 big kobolds
  6 bullfrogs
  A scorpion (D:8)
  3 killer bees (D:10)
  A wight (D:11)
  A howler monkey (D:6)
  4 crimson imps
  A bullfrog zombie (D:9)
  6 orc priests
  5 hounds
  3 jellies
  6 orc wizards
  2 bullfrog skeletons
  A centaur skeleton (D:9)
  3 iguanas
  Ijyb (D:3)
  4 worker ants
  2 big kobold zombies (Ossuary)
  A hound zombie (D:10)
  A hound skeleton (D:4)
  2 mummies (Ossuary)
  Robin (D:2)
  4 gnolls (D:3)
  7 adders
  2 shadow imps (D:5)
  An ooze (D:5)
  An adder zombie (Ossuary)
  An adder skeleton (D:4)
  7 worms
  8 leopard geckos
  42 orcs
  7 bats
  8 giant cockroaches
  12 hobgoblins
  10 jackals
  19 kobolds
  2 quokkas
  2 frilled lizards
  24 goblins
  A goblin zombie (Ossuary)
  6 hobgoblin zombies (Ossuary)
  3 jackal zombies (Ossuary)
  10 kobold zombies (Ossuary)
  12 orc zombies (Ossuary)
  13 rats
  A rat zombie (Ossuary)
307 creatures vanquished.

Vanquished Creatures (collateral kills)
  A bullfrog (D:7)
  An orc priest (D:7)
  2 orcs
4 creatures vanquished.

Vanquished Creatures (others)
  A fungus (D:11)
1 creature vanquished.

Grand Total: 312 creatures vanquished

Notes
Turn   | Place    | Note
-------+----------+-------------------------------------------
     0 | D:1      | Deaus the Mummy Conjurer began the quest for the Orb.
     0 | D:1      | Reached XP level 1. HP: 13/13 MP: 4/4
   499 | D:1      | Reached XP level 2. HP: 19/19 MP: 3/5
  1937 | D:2      | Reached XP level 3. HP: 24/24 MP: 5/7
  2222 | D:2      | Found a radiant altar of Vehumet.
  2240 | D:2      | Found a hide-covered altar of Uskayaw.
  2382 | D:2      | Found a stormy altar of Qazlal.
  2445 | D:2      | Noticed Terence
  2578 | D:2      | Learned a level 3 spell: Dazzling Spray
  3514 | D:2      | Reached XP level 4. HP: 30/30 MP: 1/8
  3673 | D:2      | Noticed Robin
  3706 | D:2      | Reached skill level 1 in Armour
  3923 | D:2      | Killed Robin
  4178 | D:3      | Noticed Ijyb
  4257 | D:3      | Killed Ijyb
  4392 | D:3      | Noticed an ogre
  4411 | D:3      | Killed an ogre
  4411 | D:3      | Reached skill level 1 in Fighting
  4411 | D:3      | Reached skill level 1 in Hexes
  4411 | D:3      | Reached XP level 5. HP: 37/37 MP: 0/11
  4582 | D:3      | Learned a level 4 spell: Iskenderun's Mystic Blast
  5070 | D:3      | Reached XP level 6. HP: 44/44 MP: 10/12
  6453 | D:4      | Found an ancient bone altar of Kikubaaqudgha.
  6456 | D:4      | Noticed Edmund
  6610 | D:4      | Found a sand-covered staircase.
  6619 | Ossuary  | Entered an ossuary
  6867 | Ossuary  | Reached skill level 5 in Conjurations
  7904 | D:4      | Reached XP level 7. HP: 46/50 MP: 1/13
  8167 | D:4      | Killed Edmund
  8544 | D:5      | Entered Level 5 of the Dungeon
  8564 | D:5      | Found a staircase to the Ecumenical Temple.
  8573 | Temple   | Entered the Ecumenical Temple
  8806 | Temple   | Became a worshipper of Sif Muna the Loreminder
  8867 | D:5      | Reached skill level 1 in Short Blades
  9209 | D:5      | Reached XP level 8. HP: 54/56 MP: 2/14
  9604 | D:6      | Reached skill level 1 in Maces & Flails
  9745 | D:6      | Found a hazy altar of Hepliaklqana.
  9745 | D:6      | Found an iron altar of Okawaru.
 10792 | D:5      | Learned a level 4 spell: Animate Dead
 11178 | D:6      | Reached skill level 1 in Necromancy
 11576 | D:7      | Found a sacrificial altar of Ru.
 11702 | D:7      | Reached XP level 9. HP: 61/61 MP: 10/15
 11977 | D:7      | Reached * piety under Sif Muna
 12859 | D:7      | Reached skill level 5 in Necromancy
 13470 | D:7      | Learned a level 3 spell: Vampiric Draining
 13503 | D:7      | Found Besij's Magic Scroll Shoppe.
 13511 | D:7      | Bought a scroll of magic mapping for 56 gold pieces
 13511 | D:7      | Bought a scroll of enchant armour for 120 gold pieces
 13511 | D:7      | Bought a scroll of teleportation for 48 gold pieces
 13511 | D:7      | Bought a scroll of random uselessness for 16 gold pieces
 15201 | D:8      | Reached skill level 1 in Invocations
 15837 | D:9      | Got a glittering jade amulet
 15838 | D:9      | Identified the amulet of Zol Suxu {Reflect -Tele *Corrode
                  | rPois SH+2 Stlth+} (You found it on level 9 of the Dungeon)
 16262 | D:9      | Found a glowing silver altar of Zin.
 16544 | D:10     | Entered Level 10 of the Dungeon
 16795 | D:9      | Reached XP level 10. HP: 38/67 MP: 2/16
 17363 | D:10     | Reached ** piety under Sif Muna
 17363 | D:10     | Reached skill level 5 in Spellcasting
 18011 | D:10     | Found a staircase to the Orcish Mines.
 18351 | D:10     | Noticed a two-headed ogre
 18453 | D:10     | Killed a two-headed ogre
 19437 | D:11     | Noticed a manticore
 19444 | D:11     | Killed a manticore
 19444 | D:11     | Reached XP level 11. HP: 62/72 MP: 0/24
 19733 | D:11     | Reached *** piety under Sif Muna
 20043 | D:10     | HP: 3/72 [something (6)]
 20044 | D:10     | Mangled by an unseen horror

Levels and vault maps discovered:
D:1:      dpeg_arrival_round_b, layout_basic, chequers_serial_rivers_micro_b
D:2:      layout_basic, nicolae_qazlal_general_emergency,
          nicolae_overflow_crystal_walls, lemuel_doored_altar, uniq_robin,
          uniq_terence
D:3:      minmay_octagon_keep, layout_basic, first_ration, nrook_mini_backslash,
          minmay_starry_boxes, uniq_ijyb
D:4:      layout_gridville, kiku_gazebo_pond_becter, enter_ossuary_1,
          uniq_edmund
D:5:      layout_gridville, minmay_temple_entry_arrows
D:6:      layout_loops_cross, gammafunk_temple_overflow_elements
D:7:      layout_loops_ring, kennysheep_little_box, serial_shops,
          nicolae_shop_window_shopping
D:8:      layout_rooms, hangedman_pestilent_swarm, minmay_small_thing
D:9:      layout_irregular_city, zin_scriptorium
D:10:     layout_basic, david_orc_2
D:11:     layout_roguey, grunt_lair_entry_orc_guard_hut
Temple:   minmay_temple_curvy_branch

Skill      XL: |  1  2  3  4  5  6  7  8  9 10 |
---------------+-------------------------------+-----
Spellcasting   | 3 4 9 |  9.3
Conjurations   | 4 5 6 8 9 |  9.0
Armour         | 1 2 |  2.0
Fighting       | 1 2 |  2.1
Hexes          | 1 2 3 |  3.0
Short Blades   | 1 2 |  2.0
Maces & Flails | 2 3 |  3.0
Necromancy     | 2 7 8 |  8.9
Invocations    | 1 3 |  3.3
Dodging        | |  1.5
Stealth        | |  1.5

Action                   |  1- 3 |  4- 6 |  7- 9 | 10-12 || total
-------------------------+-------+-------+-------+-------++-------
Melee: Short sword       |     8 |     9 |       |       ||    17
       Spear             |     3 |       |       |       ||     3
       Dagger            |       |    56 |    25 |       ||    81
       Flail             |       |       |   140 |   123 ||   263
 Cast: Magic Dart        |   122 |   244 |    90 |    14 ||   470
       Dazzling Spray    |       |    17 |   104 |    52 ||   173
       Iskenderun's Myst |       |     1 |    56 |    49 ||   106
       Animate Dead      |       |       |    13 |     1 ||    14
       Vampiric Draining |       |       |     1 |    17 ||    18
Invok: Channel Magic     |       |       |       |     2 ||     2
  Use: Scroll            |       |     2 |     6 |       ||     8
 Stab: Invisible         |       |     5 |    11 |     4 ||    20
       Sleeping          |       |       |       |     1 ||     1
Armor: Leather armour    |    11 |    44 |    86 |       ||   141
       Robe              |       |       |    23 |    87 ||   110
Dodge: Dodged            |    20 |    75 |   188 |   128 ||   411

Table legend:
 A = Non-vault XP
 B = Vault XP
 C = Vault XP percentage of total XP
 D = Non-vault monster count
 E = Vault monster count
 F = Vault count percentage of total count
                 A         B        C        D         E       F
            +---------+---------+-------+---------+---------+-------
      Total |   10988 |     880 |   7.4 |     232 |      79 |  25.4
            +---------+---------+-------+---------+---------+-------
        D:1 |      28 |       0 |   0.0 |      19 |       0 |   0.0
        D:2 |      60 |      38 |  38.8 |      29 |      14 |  32.6
        D:3 |     226 |     197 |  46.6 |      26 |      16 |  38.1
        D:4 |     432 |     154 |  26.3 |      12 |       1 |   7.7
        D:5 |     644 |       0 |   0.0 |      14 |       0 |   0.0
        D:6 |     667 |       0 |   0.0 |      15 |       0 |   0.0
        D:7 |    1586 |       0 |   0.0 |      35 |       0 |   0.0
        D:8 |     821 |     167 |  16.9 |      16 |       2 |  11.1
        D:9 |    1186 |       0 |   0.0 |      11 |       0 |   0.0
       D:10 |    3710 |      18 |   0.5 |      32 |       6 |  15.8
       D:11 |    1628 |     178 |   9.9 |      23 |       2 |   8.0
    Ossuary |       0 |     128 | 100.0 |       0 |      38 | 100.0
            +---------+---------+-------+---------+---------+-------
